 Dungeon Crawl Stone Soup version 0.32-a0-433-g08bcfe7efd (webtiles) character file.

Game seed: 15050638693838594225

43 ezpacito the Trooper (level 3, -4/29 HPs)
             Began as a Demonspawn Chaos Knight on Feb 22, 2024.
             Was a Plaything of Xom.
             Slain by a gnoll
             ... wielding a +2 whip of electrocution
              (6 damage)
             ... on level 2 of the Dungeon.
             The game lasted 00:00:52 (808 turns).

ezpacito the Trooper (Demonspawn Chaos Knight)       Turns: 808, Time: 00:00:53

Health: -4/29      AC:  5    Str: 13 (14) XL:     3   Next: 37%
Magic:  3/3        EV: 11    Int: 16 (19) God:    Xom [..*...]
Gold:   49         SH:  0    Dex: 10 (12) Spells: 2/2 levels left

rFire   x . .        n - +6 flail of Guaqa Oqyasi {freeze, rF- Int+7 Stlth+}
rCold   . . .        (no shield)
rNeg    . . .        b - +2 leather armour
rPois   .            (no helmet)
rElec   .            (no cloak)
rCorr   .            (no gloves)
SInv    .            (no boots)
Will    .....        (no amulet)
Stlth   ++           (no ring)
HPRegen 0.24/turn    (no ring)
MPRegen 0.08/turn

%: no passive effects
@: no status effects
A: sturdy frame 1, demonic touch 1
a: Renounce Religion


You were on level 2 of the Dungeon.
You worshipped Xom.
You were a toy of Xom.
You visited 1 branch of the dungeon, and saw 2 of its levels.

You collected 49 gold pieces.

Inventory:

Hand Weapons
 a - a +0 hand axe of chaos
 n - the +6 flail of Guaqa Oqyasi (weapon) {freeze, rF- Int+7 Stlth+}
   (You found it on level 2 of the Dungeon)

   Int+7:     It affects your intelligence (+7).
   rF-:       It makes you vulnerable to fire.
   Stlth+:    It makes you more stealthy.
Missiles
 k - 7 poisoned darts (quivered)
 m - 6 javelins
Armour
 b - a +2 leather armour (worn)
Jewellery
 l - a ring of willpower
Scrolls
 c - a scroll of butterflies
 f - a scroll of identify {unknown}
 h - a scroll of poison {unknown}
 i - a scroll of noise {unknown}
Potions
 e - a potion of lignification {unknown}
 g - a potion of resistance {unknown}
 j - a potion of heal wounds {unknown}


   Skills:
 * Level 3.2 Fighting
 * Level 2.9 Axes
 * Level 2.1 Armour
 * Level 1.4 Dodging
 + Level 0.3 Stealth
 * Level 1.0 Unarmed Combat
 + Level 0.3 Spellcasting


You had 2 spell levels left.
You didn't know any spells.
Your spell library was empty.

Dungeon Overview and Level Annotations

Branches:
Dungeon (2/15)

Altars:


Innate Abilities, Weirdness & Mutations

Your movements are slightly less encumbered by armour. (ER -2)
Your touch may inflict minor irresistible damage on your foes.


Message History

A gnoll comes into view. It is wielding a +0 club.
The gnoll barely misses you.
You sock the gnoll! You freeze the gnoll.
The gnoll is severely wounded.
The gnoll hits you with a +0 spear.
You barely miss the gnoll.
The gnoll is severely wounded.
The gnoll hits you but does no damage.
You sock the gnoll! You freeze the gnoll.
You kill the gnoll!
A gnoll comes into view.
It is wielding a +2 whip of electrocution.
The gnoll hits you from afar with a +0 spear.
The gnoll throws a throwing net.
The throwing net barely misses you.
Your Unarmed Combat skill increases to level 1!
You have reached level 3!
Your experience leads to an increase in your attributes!
Your base attributes are Str 12, Int 12, Dex 12.
Increase (S)trength, (I)ntelligence, or (D)exterity?
You feel stronger. x2; Your demonic ancestry asserts itself...
Your hands begin to faintly glow with unholy energy.
The gnoll hits you with a +0 club. The gnoll barely misses you.
You sock the gnoll! You freeze the gnoll.
You kill the gnoll!
The gnoll hits you but does no damage.
The gnoll hits you with a +2 whip of electrocution.
Unknown command.
You hit the gnoll. You freeze the gnoll. Your touch misses the gnoll.
The gnoll is heavily wounded.
The gnoll hits you with a +0 spear.
* * * LOW HITPOINT WARNING * * *
The gnoll closely misses you.
Unknown command.
It was a potion of degeneration.
There was something very wrong with that liquid.
You feel weakened.
You feel dopey.
You feel clumsy. The gnoll hits you with a +0 spear.
* * * LOW HITPOINT WARNING * * *
An endoplasm comes into view.
The gnoll hits you with a +2 whip of electrocution.
You die...

#.........#
.#.#
#....###..
.#.#
#....## #
####.(# #
##.# .#
#.##.#
#....#
###.)###
#..)@#
#..gg#
#....#
#...#.
#....J#
..<....
##...##..
#... ##


You could see 2 gnolls and an endoplasm (wandering).

Vanquished Creatures
  2 gnolls (D:2)
  A ribbon worm (D:2)
  3 endoplasms (D:1)
  A giant cockroach (D:1)
  3 goblins (D:1)
  2 hobgoblins (D:1)
  A quokka (D:1)
  A ball python (D:2)
  2 bats (D:1)
  A frilled lizard (D:1)
  2 rats (D:1)
19 creatures vanquished.

Notes
Turn   | Place    | Note
-------+----------+-------------------------------------------
     0 | D:1      | ezpacito the Demonspawn Chaos Knight began the quest for
                  | the Orb.
     0 | D:1      | Reached XP level 1. HP: 18/18 MP: 1/1
    55 | D:1      | Reached skill level 1 in Dodging
   119 | D:1      | Gained mutation: Your movements are slightly less
                  | encumbered by armour. (ER -2) [demonic ancestry]
   119 | D:1      | Reached XP level 2. HP: 18/24 MP: 2/2
   722 | D:2      | Identified the +6 flail of Guaqa Oqyasi {freeze, rF- Int+7
                  | Stlth+}
   742 | D:2      | XOM: smoke on damage
   805 | D:2      | Reached skill level 1 in Unarmed Combat
   805 | D:2      | Gained mutation: Your touch may inflict minor irresistible
                  | damage on your foes. [demonic ancestry]
   805 | D:2      | Reached XP level 3. HP: 17/29 MP: 3/3
   808 | D:2      | Slain by a gnoll

Illustrated notes

Levels and vault maps discovered:
D:1:      evilmike_arrival_hilbert_curve, layout_basic
D:2:      layout_rooms

Skill      XL: |  1  2 |
---------------+-------+-----
Dodging        | 1 |  1.4
Armour         | 2 |  2.1
Unarmed Combat | 1 |  1.0
Fighting       | |  3.2
Axes           | |  2.9
Stealth        | |  0.3
Spellcasting   | |  0.3

Action                     || total
---------------------------++-------
  Melee: Hand axe          ||    46
         Flail             ||     7
    Use: Potion            ||     1
 Armour: Leather armour    ||    37
  Dodge: Dodged            ||    33

Table legend: (Time is in decaauts)
 A = Elapsed time spent in this place.
 B = Non-inter-level travel time spent in this place.
 C = Inter-level travel time spent in this place.
 D = Time resting spent in this place.
 E = Time spent auto-exploring this place.
 F = Levels seen in this place.
 G = Mean time per level.
                   A        B        C        D        E       F      G
               +--------+--------+--------+--------+--------+-----+--------+
         Total |    817 |    756 |     61 |      0 |    589 |   2 |  408.5 |
       Dungeon |    817 |    756 |     61 |      0 |    589 |   2 |  408.5 |
               +--------+--------+--------+--------+--------+-----+--------+

Top non-repeatable levels by time:
     D:1: 709 daAuts
     D:2: 107 daAuts
